[Event "Early-Titled-Tuesday-Blitz-March-05-2024"]
[Site "Chess.com"]
[Date "2024.03.05"]
[Round "8"]
[White "Qvalda"]
[Black "lamomiajunior"]
[Result "0-1"]
[WhiteElo "2428"]
[BlackElo "2717"]
[TimeControl "180+1"]
[EndTime "9:30:03 PST"]
[Termination "lamomiajunior won on time"]

1. d4 Nf6 2. c4 g6 3. Nf3 Bg7 4. e3 O-O 5. Be2 b6 6. Nc3 Bb7 7. Qc2 d6 8. O-O Nbd7 9. b3 e6 10. Bb2 h6 11. e4 Qe7 12. a3 e5 13. d5 Nh5 14. Rfe1 Nf4 15. Bf1 a5 16. b4 Bc8 17.
Nb5 Nf6 18. c5 axb4 19. cxd6 cxd6 20. axb4 Bg4 21. Qc7 Qxc7 22. Nxc7 Rxa1 23. Rxa1 Nxe4 24. Ra6 Rc8 25. Ra8 Rxa8 26. Nxa8 Nxd5 27. b5 Bd7 28. Ba3 Bf8 29. Bc4 Nef6 30. Nd2 Bc8 31. Ne4 Nxe4 32. Bxd5 Nc3 33. Bc6 d5 34. Bxf8 Kxf8 35. Nxb6 Be6 36. Na8 d4 37. b6 Bc8 38. b7 Bxb7 39. Bxb7 d3 40. Bf3 e4 41. Bxe4 Nxe4 42. Kf1 Nc3 43. Ke1 Nd5 44. Kd2 Ke7 45. Kxd3 Kd7 46. Kd4 Kc6 47.
Ke5 h5 48. h4 Kc5 49. f3 Ne3 50. Kf6 Nxg2 51. Kxf7 Nxh4 52. Kf6 Nxf3 53. Kxg6 h4 54. Nc7 Nd4 55. Kg5 h3 56. Na6+ Kb6 57. Nb4 h2 58.
Nd5+ Kc5 0-1

[Event "Early-Titled-Tuesday-Blitz-March-05-2024"]
[Site "Chess.com"]
[Date "2024.03.05"]
[Round "8"]
[White "lagunanivaria"]
[Black "mary-sanna"]
[Result "1-0"]
[WhiteElo "2443"]
[BlackElo "2232"]
[TimeControl "180+1"]
[EndTime "9:30:03 PST"]
[Termination "lagunanivaria won on time"]

1. e4 c5 2. Nf3 Nc6 3. Bb5 g6 4. Bxc6 bxc6 5. O-O Bg7 6. h3 Qc7 7. Re1 d6 8. c3 Nf6 9. d4 cxd4 10. cxd4 O-O 11.
Nc3 c5 12. Be3 cxd4 13. Bxd4 Rb8 14. Rc1 Qa5 15. e5 dxe5 16. Rxe5 Qd8 17. Bxa7 Rxb2 18. Qxd8 Rxd8 19. Rxe7 Be6 20. Bd4 Nd5 21. Nxd5 Bxd4 22. Nxd4 Bxd5 23. Rcc7 Rxa2 24. Ne2 Ra1+ 25. Kh2 Rf1 26. Kg3 Kg7 27. Nd4 Rg1 28. Nf3 Rd1 29.
Ne5 Rf8 30. f3 h5 31. h4 Be6 32. Rxe6 Re1 33. Ree7 Kf6 34. Ng4+ hxg4 35. Rxe1 gxf3 36.
gxf3 Rh8 37. Rc6+ Kg7 38. Re7 1-0

[Event "Early-Titled-Tuesday-Blitz-March-05-2024"]
[Site "Chess.com"]
[Date "2024.03.05"]
[Round "8"]
[White "amelia91"]
[Black "Darius321"]
[Result "1-0"]
[WhiteElo "2054"]
[BlackElo "2347"]
[TimeControl "180+1"]
[EndTime "9:30:03 PST"]
[Termination "amelia91 won on time"]

1. d4 d5 2. Bf4 Bf5 3. c4 e6 4. Nc3 Nf6 5. e3 Bd6 6. Bg3 O-O 7. Nf3 c5 8. dxc5 Bxc5 9. Be2 Ne4 10. cxd5 Nxc3 11.
bxc3 exd5 12. O-O Nc6 13. Qb3 Na5 14. Qb5 b6 15. Rfd1 Be4 16. c4 d4 17. Nxd4 Qf6 18.
Qd7 Rfd8 19. Qg4 Bg6 20. Bh4 h5 21. Bxf6 hxg4 22. Bxd8 Rxd8 23. Bxg4 Nxc4 24. Nc6 Ra8 25. Rd7 Be4 26. Ne7+ Kh7 27. Bf5+ Bxf5 28. Nxf5 Kg6 29. Nd4 a5 30. Rc1 Ne5 31. Rb7 a4 32. Nf3 Nd3 33. Rd1 Nb4 34. Rdd7 Rf8 35. a3 Nc2 36. Ne5+ Kf5 37.
Nc4 1-0

[Event "Early-Titled-Tuesday-Blitz-March-05-2024"]
[Site "Chess.com"]
[Date "2024.03.05"]
[Round "8"]
[White "kids2010"]
[Black "Matalon"]
[Result "1-0"]
[WhiteElo "2777"]
[BlackElo "2507"]
[TimeControl "180+1"]
[EndTime "9:30:04 PST"]
[Termination "kids2010 won by resignation"]

1. e4 c5 2. Nc3 Nc6 3. Bb5 Nd4 4. Bc4 a6 5. Nf3 b5 6. Bd5 Rb8 7. Nxd4 cxd4 8. Ne2 e6 9. Bb3 Bc5 10. O-O Ne7 11. d3 O-O 12. Ng3 d5 13. e5 Nc6 14. f4 f6 15. exf6 Qxf6 16. Bd2 Bd7 17.
Qe2 Kh8 18. a4 b4 19. Rae1 Na5 20.
Qf3 Nxb3 21. cxb3 Bd6 22. Re2 Rbc8 23. Qh5 Be8 24. Qg4 Bd7 25. Ref2 g6 26. h4 Rf7 27. h5 e5 28. Qe2 exf4 29. Bxf4 Bxf4 30. Rxf4 Qxf4 31. Rxf4 Rxf4 32. Qe5+ Kg8 33. Qxf4 1-0

[Event "Early-Titled-Tuesday-Blitz-March-05-2024"]
[Site "Chess.com"]
[Date "2024.03.05"]
[Round "8"]
[White "AlexandraSamaganova"]
[Black "Kotofeyca"]
[Result "0-1"]
[WhiteElo "2295"]
[BlackElo "2453"]
[TimeControl "180+1"]
[EndTime "9:30:06 PST"]
[Termination "Kotofeyca won by checkmate"]

1. c4 c6 2. e4 d5 3. exd5 cxd5 4. d4 Nf6 5. Nc3 Nc6 6. Nf3 e6 7. cxd5 Nxd5 8. Bd3 Be7 9. O-O Ncb4 10. Bb1 Bd7 11.
Re1 Rc8 12. Bd2 Nxc3 13. bxc3 Nd5 14. Qb3 Qc7 15. Rc1 b5 16. Ne5 O-O 17. Bd3 a6 18.
Be4 Nb6 19. Qd1 Nc4 20. Bf4 Nxe5 21. Bxe5 Bd6 22. Bxd6 Qxd6 23. Qh5 g6 24. Qh4 Bc6 25. Bd3 Bd5 26. Qg3 Qc6 27. h4 Bc4 28. Bc2 Qd5 29.
Re1 Bxa2 30. Re5 Qc4 31. h5 Bb3 32. Bd3 Qxc3 33. Rae1 Qxd4 34. hxg6 fxg6 35. Bxg6 Kh8 36. Bh5 Rg8 37. Qh2 Bd5 38. Bf3 Bxf3 39. g3 Qxe5 40.
Rxe5 Rc1+ 41. Re1 Rxe1# 0-1

[Event "Early-Titled-Tuesday-Blitz-March-05-2024"]
[Site "Chess.com"]
[Date "2024.03.05"]
[Round "8"]
[White "VladimirKramnik"]
[Black "SchmakAttack"]
[Result "1-0"]
[WhiteElo "2970"]
[BlackElo "2811"]
[TimeControl "180+1"]
[EndTime "9:30:07 PST"]
[Termination "VladimirKramnik won by resignation"]

1. e4 e6 2. d4 d5 3. e5 c5 4. c3 Nc6 5. Nf3 Qb6 6. Bd3 cxd4 7.
O-O Bd7 8. Re1 a6 9. Nbd2 Nge7 10.
Nb3 dxc3 11. bxc3 Ng6 12. Qe2 Rc8 13. h4 f6 14. exf6 gxf6 15. c4 dxc4 16. Bxc4 Nce5 17. Nxe5 Nxe5 18. Bb2 Bd6 19. Qh5+ Ke7 20. Bxe5 Bxe5 21. Rxe5 Rxc4 22. Rc5 Rxc5 23. Nxc5 Be8 24. Qh6 Bf7 25. Ne4 Qd4 26. Re1 b5 27. Qc1 Rd8 28. Qa3+ b4 29. Qxa6 Kf8 30. Qa5 Kg7 31. Ng3 Rd5 32. Qc7 Rc5 33. Qe7 Re5 34. Rxe5 Qxe5 35. Qxb4 Qe1+ 36. Qxe1 1-0

[Event "Early-Titled-Tuesday-Blitz-March-05-2024"]
[Site "Chess.com"]
[Date "2024.03.05"]
[Round "8"]
[White "Practical-Play"]
[Black "Titus369"]
[Result "1-0"]
[WhiteElo "2538"]
[BlackElo "2630"]
[TimeControl "180+1"]
[EndTime "9:30:07 PST"]
[Termination "Practical-Play won by resignation"]

1. e4 c5 2. c3 g6 3. d4 cxd4 4. cxd4 d5 5. Bb5+ Bd7 6. Bxd7+ Qxd7 7. Nf3 Bg7 8. Nc3 dxe4 9. Nxe4 Na6 10. O-O Rd8 11. Be3 Nf6 12. Ne5 Qb5 13. Nc3 Qa5 14. Qb3 O-O 15. Qxb7 Nb4 16. a3 Nc2 17. Nc6 Qb6 18. Qxb6 axb6 19. Nxd8 Nxa1 20. Nc6 Nc2 21. Nxe7+ Kh8 22. h3 Re8 23. Ned5 Nxd5 24. Nxd5 b5 25. Nc7 Rb8 26. Rd1 Rb7 27. Na6 Rd7 28. Nc5 Rd5 29. Rd2 Nxd4 30. Nb3 Nxb3 31. Rxd5 b4 32. Rd8+ Bf8 33.
Rxf8+ Kg7 34. Rb8 bxa3 35. Rxb3 a2 36. Ra3 a1=Q+ 37. Rxa1 1-0

[Event "Early-Titled-Tuesday-Blitz-March-05-2024"]
[Site "Chess.com"]
[Date "2024.03.05"]
[Round "8"]
[White "RianKapriaga"]
[Black "Rawnsdale"]
[Result "0-1"]
[WhiteElo "2292"]
[BlackElo "2495"]
[TimeControl "180+1"]
[EndTime "9:30:08 PST"]
[Termination "Rawnsdale won on time"]

1. d4 d5 2. Nf3 e6 3. c4 Be7 4.
Nc3 Nf6 5. Bg5 h6 6. Bh4 O-O 7. e3 Nbd7 8. cxd5 Nxd5 9. Bxe7 Qxe7 10. Nxd5 exd5 11. Rc1 c6 12. Bd3 Nf6 13. Ne5 Be6 14.
O-O Ne4 15. f3 Nd6 16. Bb1 Bf5 17. Bxf5 Nxf5 18. Qd3 Qe6 19. e4 dxe4 20. fxe4 Nd6 21. Rf4 Rad8 22. Rcf1 Nb5 23. Nf3 Qxa2 24. Qe3 Qxb2 25. e5 Nc3 26. Rg4 Kh8 27. Ng5 Nd5 28. Qh3 Qe2 29. Nxf7+ Rxf7 30. Rxf7 Ne3 31. Qxe3 Qxe3+ 32. Kh1 Qe1+ 0-1

[Event "Early-Titled-Tuesday-Blitz-March-05-2024"]
[Site "Chess.com"]
[Date "2024.03.05"]
[Round "8"]
[White "AlexeiShirov"]
[Black "NikoTheodorou"]
[Result "0-1"]
[WhiteElo "2845"]
[BlackElo "3061"]
[TimeControl "180+1"]
[EndTime "9:30:09 PST"]
[Termination "NikoTheodorou won by resignation"]

1. e4 e5 2. Nf3 Nc6 3. Bb5 a6 4. Ba4 f5 5. d4 exd4 6. e5 b5 7. Bb3 Bb7 8. O-O Na5 9. Nxd4 c5 10.
Nxf5 c4 11. Re1 Qb6 12. Nd6+ Bxd6 13. exd6+ Kf8 14. Bg5 Nf6 15. Bxf6 gxf6 16. Qh5 Qxd6 17. Nc3 Rg8 18. Qh6+ Kf7 19. Ne4 Qe5 20. Ng3 Qg5 21. Qxh7+ Rg7 22. Qh3 Bc6 23. Rad1 Kg8 24. Rd4 Rh7 25.
Qf5 Kh8 26. Qxg5 fxg5 27. Nf5 Rf8 28. Ne7 Rh6 29. Nxc6 dxc6 30. Rd7 cxb3 31. axb3 c5 32. Ra1 Nc6 33. Rxa6 Re6 34. g3 g4 35. Kg2 Re2 0-1

[Event "Early-Titled-Tuesday-Blitz-March-05-2024"]
[Site "Chess.com"]
[Date "2024.03.05"]
[Round "8"]
[White "Bkmzzzzz"]
[Black "BeardedNM"]
[Result "1-0"]
[WhiteElo "2418"]
[BlackElo "2211"]
[TimeControl "180+1"]
[EndTime "9:30:09 PST"]
[Termination "Bkmzzzzz won on time"]

1. e4 e6 2. Nf3 d5 3. exd5 exd5 4. d4 Bd6 5. c4 Nf6 6. c5 Be7 7.
Bd3 Nc6 8. O-O Bg4 9. Be3 O-O 10. h3 Bh5 11. Re1 Re8 12. Nbd2 Bf8 13. a3 Ne4 14. Qc2 Bg6 15. b4 Nxd2 16. Bxd2 Bxd3 17. Qxd3 g6 18. Bf4 Rxe1+ 19. Rxe1 Bg7 20. b5 Na5 21. Nd2 c6 22. a4 Nc4 23. Nxc4 dxc4 24. Qxc4 Qxd4 25.
Qxd4 Bxd4 26. Re7 cxb5 27. axb5 Bxc5 28. Rxb7 Rc8 29. Bh6 Bb6 30. g3 Bd4 31. h4 Bg7 32. Be3 Rc4 33. Rxa7 Bf8 34. b6 Rb4 35. b7 1-0

[Event "Early-Titled-Tuesday-Blitz-March-05-2024"]
[Site "Chess.com"]
[Date "2024.03.05"]
[Round "8"]
[White "Juwen"]
[Black "Dyadya81"]
[Result "0-1"]
[WhiteElo "2657"]
[BlackElo "2894"]
[TimeControl "180+1"]
[EndTime "9:30:10 PST"]
[Termination "Dyadya81 won by resignation"]

1. e4 c6 2. d4 d5 3. exd5 cxd5 4. Bd3 Nf6 5. Nf3 Bg4 6. h3 Bh5 7. c3 Nc6 8. Bf4 e6 9. Nbd2 Bd6 10. Bxd6 Qxd6 11.
O-O O-O 12. Re1 Rab8 13. a4 a6 14. a5 Qc7 15. b4 Ne7 16. Qc2 Rbc8 17. Ra3 Bg6 18. Ne5 Nf5 19. Qb1 Nd6 20. Rc1 Bxd3 21. Qxd3 Nfe4 22. Nxe4 dxe4 23. Qd1 f6 24. Ng4 Nc4 25.
Ra2 Rfd8 26. Ne3 Nxe3 27. fxe3 Qc4 28. Qe2 Rd5 29. Qxc4 Rxc4 30. Kf2 Kf7 31. Ke2 Ke7 32. Kd1 Rg5 33. Re2 Kd6 34. Kc2 Kc6 35. Kb3 Kb5 36. Rf1 Rg3 37. Rf4 f5 38. d5 g5 39. Rf1 f4 40. dxe6 Rc6 41. Rd1 Rxe6 42. Rd5+ Kc6 43. exf4 Kxd5 0-1

[Event "Early-Titled-Tuesday-Blitz-March-05-2024"]
[Site "Chess.com"]
[Date "2024.03.05"]
[Round "8"]
[White "only_strong_moves"]
[Black "IM_ArthurDW08"]
[Result "1/2-1/2"]
[WhiteElo "2584"]
[BlackElo "2770"]
[TimeControl "180+1"]
[EndTime "9:30:11 PST"]
[Termination "Game drawn by repetition"]

1. e4 c5 2. Nf3 Nc6 3. c3 Nf6 4. e5 Nd5 5. d4 cxd4 6. cxd4 d6 7.
Bc4 Nb6 8. Bb5 Bd7 9. O-O Nxe5 10. Nxe5 dxe5 11. Bxd7+ Qxd7 12. dxe5 Qxd1 13. Rxd1 e6 14. Be3 Nd7 15. Nc3 a6 16. Na4 Rd8 17. f4 b5 18. Nb6 Nxb6 19. Bxb6 Rb8 20. Bc7 Rc8 21. Rac1 Be7 22. a3 O-O 23. Rc3 f6 24.
Rd7 Rfe8 25. Kf2 fxe5 26. fxe5 Rf8+ 27. Ke2 Rf7 28. Bd6 Rxc3 29. bxc3 Bxd6 30. Rxd6 Rc7 31. Kd3 Kf7 32. Rxa6 Rc5 33. Kd4 Rc4+ 34. Kd3 Rc5 35.
Ra7+ Kg6 36. Kd4 Rc4+ 37. Kd3 Rc5 38. Kd4 Rd5+ 39. Ke4 Rc5 40. Kd4 1/2-1/2

[Event "Early-Titled-Tuesday-Blitz-March-05-2024"]
[Site "Chess.com"]
[Date "2024.03.05"]
[Round "8"]
[White "thebeast2900"]
[Black "Flaccidmoves"]
[Result "0-1"]
[WhiteElo "2320"]
[BlackElo "2457"]
[TimeControl "180+1"]
[EndTime "9:30:11 PST"]
[Termination "Flaccidmoves won on time"]

1. c4 e5 2. e3 Nf6 3. Nc3 Bb4 4. Nge2 O-O 5. Ng3 c6 6. Be2 d5 7. cxd5 cxd5 8. d4 exd4 9. exd4 Nc6 10. O-O h6 11.
Bf3 Be6 12. Bf4 Qb6 13. Nce2 Rfe8 14. a3 Bf8 15. Qd2 Na5 16. b4 Nb3 17. Qd3 Nxa1 18. Rxa1 Rac8 19. Be5 Nd7 20. Nf4 Nxe5 21. dxe5 d4 22. Ne4 Bf5 23. Nd5 Qg6 24. Nf4 Bxe4 25. Bxe4 Qg5 26. g3 Qxe5 27. Re1 g6 28. Kg2 Rc3 29.
Qb1 Qd6 30. Nd3 Rxe4 31. Rxe4 Qc6 32. Ne5 Qd5 33. f3 Bg7 34. Nd3 Qc4 35. Re8+ Kh7 36. Nf2 Rc2 37. Qe1 d3 38. Rd8 Bd4 0-1

[Event "Early-Titled-Tuesday-Blitz-March-05-2024"]
[Site "Chess.com"]
[Date "2024.03.05"]
[Round "8"]
[White "BilodeauA"]
[Black "Jospem"]
[Result "0-1"]
[WhiteElo "3003"]
[BlackElo "3083"]
[TimeControl "180+1"]
[EndTime "9:30:12 PST"]
[Termination "Jospem won by resignation"]

1. e4 c5 2. Nf3 d6 3. Bb5+ Nd7 4. Ba4 Nf6 5. Qe2 e6 6. c4 b6 7. Nc3 Bb7 8. d3 Be7 9. O-O O-O 10. h3 Nb8 11. Be3 Nc6 12. Rad1 Rc8 13. Bc2 Ba6 14. b3 d5 15. Nb1 Qc7 16. Bg5 Rfd8 17. Rfe1 h6 18.
Bh4 Re8 19. Nbd2 Nh5 20. Bxe7 Nf4 21. Qf1 Nxe7 22. g3 Nfg6 23. h4 Bb7 24. Qh3 Rcd8 25. h5 Nf8 26. Qg4 Nd7 27. e5 Nc6 28. cxd5 Ncxe5 29.
Nxe5 Nxe5 30. Qf4 exd5 31. d4 cxd4 32. Bb1 d3 33. Bxd3 d4 34. Be4 Bxe4 35. Rxe4 Qc2 36.
Rde1 f6 37. Rxd4 Qc3 38. Rxd8 Rxd8 39. Re2 Rxd2 40. Rxd2 Qxd2 41. Qf5 Qd1+ 42. Kg2 Qd5+ 43. Kg1 Nf3+ 0-1

[Event "Early-Titled-Tuesday-Blitz-March-05-2024"]
[Site "Chess.com"]
[Date "2024.03.05"]
[Round "8"]
[White "LikeWater"]
[Black "Shuvalov"]
[Result "1-0"]
[WhiteElo "2692"]
[BlackElo "2545"]
[TimeControl "180+1"]
[EndTime "9:30:12 PST"]
[Termination "LikeWater won on time"]

1. e4 e6 2. d4 d5 3. Nc3 Bb4 4. Ne2 Nc6 5. a3 Ba5 6. b4 Bb6 7. Be3 Nge7 8. f3 e5 9. Nxd5 Nxd5 10. exd5 Qxd5 11. c3 O-O 12. Rc1 exd4 13. Nxd4 Re8 14.
Kf2 Rxe3 15. Kxe3 Nxd4 16. cxd4 Bf5 17. Rc5 Bxc5 18. bxc5 Qa2 19. Kf4 Be6 20. Kg3 Rd8 21. Bd3 g6 22. Be4 Qb2 23. Qc1 Qxd4 24. Bxb7 h5 25.
h4 Rb8 26. Be4 Rb2 27. Rg1 Qf2+ 28. Kf4 Qxh4+ 29. Ke5 1-0

[Event "Early-Titled-Tuesday-Blitz-March-05-2024"]
[Site "Chess.com"]
[Date "2024.03.05"]
[Round "8"]
[White "WindWhistler11"]
[Black "goldihouse"]
[Result "1-0"]
[WhiteElo "2543"]
[BlackElo "2639"]
[TimeControl "180+1"]
[EndTime "9:30:12 PST"]
[Termination "WindWhistler11 won on time"]

1. Nf3 Nf6 2. g3 b5 3. Bg2 Bb7 4. Na3 a6 5. c4 c6 6. b3 g6 7. Nc2 Bg7 8. Bb2 O-O 9. O-O d6 10. d3 Nbd7 11. Re1 Rc8 12. Qd2 Qc7 13. Rad1 c5 14.
e4 e5 15. Ne3 Bh6 16. Qe2 Nb8 17. Nd5 Nxd5 18. exd5 Rce8 19. h4 Bc8 20. Ng5 Qd8 21.
Bc1 Bg7 22. h5 h6 23. Ne4 g5 24. g4 f5 25. gxf5 Bxf5 26. Ng3 Bd7 27. Be4 Qc8 28. Kh2 Kh8 29. Bd2 Re7 30. Rf1 Ref7 31. b4 Rf4 32. bxc5 Rh4+ 33. Kg1 Qxc5 34. Be3 Qc8 35. Rc1 bxc4 36.
Rxc4 Qd8 37. Bg6 Bb5 38. Rxh4 gxh4 39. Nf5 e4 40. Qd2 Rxf5 41. Bxf5 Bxd3 42. Rc1 Nd7 43. Bxh6 Qg8 44. Bg6 Ne5 45. Bxg7+ Kxg7 46. Rc7+ 1-0

[Event "Early-Titled-Tuesday-Blitz-March-05-2024"]
[Site "Chess.com"]
[Date "2024.03.05"]
[Round "8"]
[White "AccioChess"]
[Black "SergioMoralesG"]
[Result "1-0"]
[WhiteElo "2376"]
[BlackElo "2488"]
[TimeControl "180+1"]
[EndTime "9:30:12 PST"]
[Termination "AccioChess won by resignation"]

1. e4 c5 2. Nf3 e6 3. d4 cxd4 4.
Nxd4 Nc6 5. Nc3 Qc7 6. Be3 a6 7. Be2 Nf6 8. O-O Bb4 9. Na4 Be7 10. Nxc6 bxc6 11. Qd3 Rb8 12. c4 O-O 13. Rac1 Qa5 14. b3 d5 15. exd5 cxd5 16. c5 e5 17. c6 d4 18. c7 Rb7 19. Qxa6 Qd5 20. Nb6 Rxb6 21. Qxb6 dxe3 22. Qxe3 e4 23. Rfd1 Qe5 24. Qb6 Ne8 25. Rd8 Bd6 26. g3 Bxc7 27. Rxe8 Bxb6 28. Rxe5 Bb7 29.
Rb5 e3 30. Rxb6 exf2+ 31. Kxf2 Be4 32. Rc7 h5 33. a4 g5 34. a5 h4 35. a6 Kg7 36. a7 Ra8 37. Rb8 1-0

[Event "Early-Titled-Tuesday-Blitz-March-05-2024"]
[Site "Chess.com"]
[Date "2024.03.05"]
[Round "8"]
[White "Oleksandr_Bortnyk"]
[Black "wonderfultime"]
[Result "1-0"]
[WhiteElo "2987"]
[BlackElo "3031"]
[TimeControl "180+1"]
[EndTime "9:30:14 PST"]
[Termination "Oleksandr_Bortnyk won by resignation"]

1. e4 e5 2. Nf3 Nc6 3. Bc4 Bc5 4. O-O Nf6 5. d4 Bxd4 6. Nxd4 Nxd4 7. Bg5 h6 8. Bh4 g5 9. f4 gxf4 10. Rxf4 d5 11.
Bxf6 Qd6 12. Bxh8 dxc4 13. Nc3 Be6 14. Rf2 O-O-O 15. Bf6 Rg8 16. Qh5 Qb6 17. Bxe5 Nxc2 18. Rd1 a6 19. Qxh6 Nb4 20. Nd5 Nxd5 21. Rxd5 c3 22.
Bxc3 Kb8 23. Rd3 Qb5 24. Qd2 Ka7 25. a3 c5 26. h3 Qc4 27. Qe3 b6 28. Kh2 a5 29.
Rd6 Ka6 30. b4 axb4 31. axb4 Kb7 32. bxc5 bxc5 33. Be5 Kc8 34. Rb2 Rd8 1-0

[Event "Early-Titled-Tuesday-Blitz-March-05-2024"]
[Site "Chess.com"]
[Date "2024.03.05"]
[Round "8"]
[White "MeesvanOsch"]
[Black "noblerone"]
[Result "0-1"]
[WhiteElo "2376"]
[BlackElo "2515"]
[TimeControl "180+1"]
[EndTime "9:30:14 PST"]
[Termination "noblerone won by resignation"]

1. e4 c5 2. Nf3 e6 3. d4 cxd4 4.
Nxd4 Qb6 5. Nb3 Qc7 6. Be2 Nf6 7. N1d2 a6 8. O-O Nc6 9. c4 b6 10. f4 d6 11. Qc2 Bb7 12. Nf3 Be7 13. h3 Rc8 14. Be3 Nd7 15. Rad1 Bf6 16. Nbd4 Nxd4 17. Bxd4 Bxd4+ 18. Nxd4 Qc5 19. Kh1 O-O 20. a3 b5 21. b4 Qc7 22. Rc1 bxc4 23. Qb1 c3 24. Rf3 Nf6 25. Rfxc3 Qxc3 26. Rxc3 Rxc3 27. Bf3 Rfc8 28.
Kh2 h6 29. Qe1 Rc1 30. Qg3 Bxe4 31. f5 Bxf3 32. Qxf3 e5 33. Nb3 R1c3 34. Qb7 e4 35.
Nc5 Re8 36. Na4 Rxa3 37. Qxa6 e3 38. Qe2 Rxa4 39. g4 Rxb4 40. Kg3 Rd4 41. Kf3 Rd2 42. Qxe3 Rxe3+ 43. Kxe3 Rh2 0-1

[Event "Early-Titled-Tuesday-Blitz-March-05-2024"]
[Site "Chess.com"]
[Date "2024.03.05"]
[Round "8"]
[White "CarlosjPineror"]
[Black "Iball95"]
[Result "0-1"]
[WhiteElo "2742"]
[BlackElo "2914"]
[TimeControl "180+1"]
[EndTime "9:30:15 PST"]
[Termination "Iball95 won by resignation"]

1. e4 c5 2. Nf3 e6 3. g3 d5 4. exd5 exd5 5. Qe2+ Qe7 6. Qxe7+ Bxe7 7. Bg2 Nc6 8. O-O Be6 9. c3 Nf6 10. Rd1 O-O-O 11.
d3 Rhe8 12. h3 h6 13. Be3 d4 14. cxd4 cxd4 15. Bd2 Bd5 16. Be1 Kb8 17. a3 Bd6 18.
Nbd2 g5 19. Nc4 Bc7 20. Rac1 Re2 21. Rd2 Re7 22. Rdd1 a6 23. b4 Re2 24. Rd2 Rde8 25. Kf1 R2e6 26. Rdd1 Re2 27. Rd2 R2e7 28. Rdd1 Rg8 29.
Nfd2 h5 30. Nf3 g4 31. hxg4 hxg4 32. Nh4 Bxg2+ 33. Kxg2 Nd5 34. Nd2 Nc3 35. Rxc3 dxc3 36. Ne4 c2 37. Rc1 Rd8 38. Rxc2 Rxd3 39. Nf5 Rxe4 0-1

[Event "Early-Titled-Tuesday-Blitz-March-05-2024"]
[Site "Chess.com"]
[Date "2024.03.05"]
[Round "8"]
[White "scarabee43"]
[Black "vladgoncharov"]
[Result "1-0"]
[WhiteElo "2880"]
[BlackElo "2635"]
[TimeControl "180+1"]
[EndTime "9:30:15 PST"]
[Termination "scarabee43 won by checkmate"]

1. Nf3 Nf6 2. c4 c5 3. e3 g6 4. d4 cxd4 5. exd4 Bg7 6. Nc3 d5 7. cxd5 Nxd5 8. Bc4 Nxc3 9. bxc3 O-O 10. O-O Nc6 11. Re1 e6 12. Bg5 Qc7 13. Bf1 Na5 14.
Rc1 b6 15. c4 h6 16. Bh4 Bb7 17. d5 e5 18. d6 Qc5 19. Be7 Rfe8 20. Nd2 Rxe7 21.
dxe7 Qxe7 22. Nb3 Nc6 23. c5 Re8 24. Bb5 Rd8 25. Qg4 bxc5 26. Nxc5 Ba8 27. Ne6 h5 28.
Qh3 Rd6 29. Nxg7 Kxg7 30. Bxc6 Bxc6 31. Qa3 Ba8 32. Qc5 Re6 33. Qxe7 Rxe7 34. Rc5 f6 35. f3 Kf7 36. Rec1 Rd7 37. Rc7 Ke7 38. Rxd7+ Kxd7 39. Kf2 Bd5 40. a3 a6 41. h4 Bc6 42. Ke3 Bb5 43.
Rd1+ Ke7 44. Rd5 Ke6 45. Rd8 Ke7 46. Rb8 Ke6 47. g3 Kf5 48. Rb6 g5 49. hxg5 fxg5 50.
Rh6 Be8 51. Rxa6 h4 52. g4# 1-0

[Event "Early-Titled-Tuesday-Blitz-March-05-2024"]
[Site "Chess.com"]
[Date "2024.03.05"]
[Round "8"]
[White "PositionalPanther"]
[Black "Sjakkerntobi"]
[Result "1-0"]
[WhiteElo "2611"]
[BlackElo "2475"]
[TimeControl "180+1"]
[EndTime "9:30:16 PST"]
[Termination "PositionalPanther won by resignation"]

1. d4 Nf6 2. Bg5 Ne4 3. Bf4 d5 4. e3 e6 5. Bd3 Bd6 6. Bxe4 dxe4 7. Qg4 Bxf4 8. Qxg7 Rf8 9. exf4 Nc6 10. c3 Qd5 11. Nd2 Bd7 12. Qg5 f5 13. Qh5+ Ke7 14. Qxh7+ Rf7 15.
Qh4+ Ke8 16. Ne2 Ne7 17. Qh8+ Rf8 18. Qh5+ Kd8 19. O-O Rg8 20. c4 Qc6 21. Qh3 Ng6 22.
Qe3 Nh4 23. g3 Ke7 24. Rac1 Qb6 25. Qb3 Qa5 26. Qc3 Qa6 27. Kh1 Bc6 28. d5 exd5 29. Nd4 dxc4 30. Nxc6+ Qxc6 31. Qe5+ Qe6 32. Rxc4 Qxe5 33.
fxe5 Ng6 34. Rxc7+ Ke6 35. Nc4 Rac8 36. Rxc8 Rxc8 37.
b3 b5 38. Nd6 Rc2 39. Nxb5 Nxe5 40. Nd4+ Kd5 41. Nxc2 Nd3 42. Ne3+ Ke5 43. Kg2 a6 44. h4 Kf6 45. Rh1 1-0

[Event "Early-Titled-Tuesday-Blitz-March-05-2024"]
[Site "Chess.com"]
[Date "2024.03.05"]
[Round "8"]
[White "NowInChess"]
[Black "pfalcon1949"]
[Result "0-1"]
[WhiteElo "2231"]
[BlackElo "1943"]
[TimeControl "180+1"]
[EndTime "9:30:16 PST"]
[Termination "pfalcon1949 won on time"]

1. e4 e6 2. d3 d5 3. Nd2 c5 4. g3 Nc6 5. Bg2 Bd6 6. Ngf3 Nge7 7. O-O O-O 8. Re1 f6 9. c3 d4 10. cxd4 cxd4 11. Nc4 e5 12. a4 Bc7 13. Bd2 Be6 14.
b4 a6 15. Qc2 b5 16. Nb2 Bd6 17. Nh4 Nxb4 18. Qb1 bxa4 19. Nxa4 a5 20. f4 Rb8 21. Rc1 Qd7 22. fxe5 fxe5 23. Bxb4 Rxb4 24. Qc2 Rc8 25. Qd1 Rxc1 26. Rxc1 Qxa4 27. Qh5 Bf7 28. Qg5 Qe8 29.
Nf5 Nxf5 30. exf5 Rb6 31. f6 Bf8 32. fxg7 Bxg7 33. Bh3 Qb8 34. Rc8+ Qxc8 35. Bxc8 Rf6 36. Qg4 a4 37. Qd7 h6 38. Qxa4 Rf3 39. Ba6 e4 40.
Bc4 e3 41. Bxf7+ Rxf7 0-1

[Event "Early-Titled-Tuesday-Blitz-March-05-2024"]
[Site "Chess.com"]
[Date "2024.03.05"]
[Round "8"]
[White "Kunalm64"]
[Black "ChessBrainiacOnTwitch"]
[Result "0-1"]
[WhiteElo "2622"]
[BlackElo "2827"]
[TimeControl "180+1"]
[EndTime "9:30:17 PST"]
[Termination "ChessBrainiacOnTwitch won by resignation"]

1. e4 c5 2. Nf3 d6 3. Bb5+ Nd7 4. d4 cxd4 5. Qxd4 Nf6 6. Bg5 a6 7. Bxd7+ Bxd7 8. c4 e6 9. Nc3 Be7 10. O-O O-O 11. Bxf6 gxf6 12. Qe3 Kh8 13. Rad1 Rc8 14.
b3 Qa5 15. a4 Rg8 16. Nd4 Rg6 17. Nce2 Rcg8 18. g3 Qc5 19. Nc2 Qg5 20. Qxg5 fxg5 21. e5 d5 22. cxd5 exd5 23. Ne3 Be6 24. Nxd5 Bc5 25. b4 Ba7 26. a5 Bg4 27. Rd2 Rd8 28.
Rfd1 Rc6 29. Kg2 Rxd5 30. Rxd5 Bxe2 31. Re1 Bc4 32. Rd8+ Kg7 33. Ra8 Bd4 34. Rb8 Rc7 35.
Rd1 Bxe5 36. Re8 Bf6 37. Rd6 Bb5 38. Rb8 Bc6+ 39. Kh3 Be7 40. Rd4 h5 41. g4 hxg4+ 42.
Kxg4 Bd7+ 43. Kg3 f5 44. f4 g4 45. h3 Bf6 46. Rd6 Rc3+ 47. Kf2 g3+ 48. Kg1 Bc6 49. Rxb7+ Bxb7 50. Rd7+ Kg6 51. Rxb7 Bd4+ 0-1

[Event "Early-Titled-Tuesday-Blitz-March-05-2024"]
[Site "Chess.com"]
[Date "2024.03.05"]
[Round "8"]
[White "Shivananda1964"]
[Black "Sofiia_Hryzlova"]
[Result "0-1"]
[WhiteElo "2344"]
[BlackElo "2494"]
[TimeControl "180+1"]
[EndTime "9:30:17 PST"]
[Termination "Sofiia_Hryzlova won by resignation"]

1. d4 f5 2. e4 fxe4 3. f3 e3 4. Bxe3 Nf6 5. c4 e6 6. Nc3 Be7 7. Bd3 O-O 8. Nge2 d5 9. Qc2 Nc6 10. a3 Kh8 11. O-O-O a6 12. h4 dxc4 13. Bxc4 Nd5 14.
Bg5 b5 15. Ba2 Na5 16. Bb1 g6 17. Bd2 b4 18. Nxd5 Qxd5 19. Rde1 bxa3 20. bxa3 Bxa3+ 21. Kd1 Bd7 22. Ba2 Qf5 23. Bxa5 Qxa5 24. h5 Ba4 25. Bb3 Bxb3 26. Qxb3 Rab8 27. Qc4 Rb1+ 28. Kc2 Rb2+ 29. Kd3 Rd2+ 30. Ke4 Qf5+ 31. Ke3 Rc2 32. Qd3 Bb4 33.
hxg6 Bd2+ 34. Kf2 Qxd3 0-1